 Dungeon Crawl Stone Soup version 0.30.1-9-gdf580d7c3d (webtiles) character file.

Game seed: 10774727139558401567

19 Squibie the Shield-Bearer (level 3, 0/23 HPs)
             Began as a Meteoran Fighter on Oct 14, 2023.
             Slain by an orc wizard
             ... wielding a +0 dagger
              (1 damage)
             ... on level 1 of the Dungeon.
             The game lasted 00:05:49 (609 turns).

Squibie the Shield-Bearer (Meteoran Fighter)         Turns: 609, Time: 00:05:50

Health: 0/23       AC:  6    Str: 20    XL:     3   Next: 11%
Magic:  4/4        EV:  9    Int:  9    God:
Gold:   12         SH:  5    Dex: 13    Spells: 2/2 levels left

rFire   . . .        a - +0 flail
rCold   . . .        c - +0 buckler
rNeg    . . .        b - +0 scale mail
rPois   .            (no helmet)
rElec   .            (no cloak)
rCorr   .            (no gloves)
SInv    .            (no boots)
Will    .....        (no amulet) Stlth
                     (no ring)
HPRegen 0.23/turn    (no ring)
MPRegen 0.09/turn

%: no passive effects
@: flying, glowing
A: sense surroundings 1, otherworldly, glowing, explore regen
a: no special abilities


You were on level 1 of the Dungeon.
You visited 1 branch of the dungeon, and saw 2 of its levels.

You collected 12 gold pieces.

Inventory:

Hand Weapons
 a - a +0 flail (weapon)
Armour
 b - a +0 scale mail (worn)
 c - a +0 buckler (worn)
Scrolls
 e - a scroll of teleportation {unknown}
 g - a scroll of blinking {unknown}
Potions
 d - a potion of might
 f - a potion of flight


   Skills:
 + Level 3.5 Fighting
 + Level 3.1 Maces & Flails
 - Level 3.6 Armour
 + Level 1.2 Dodging
 + Level 3.9 Shields


You had 2 spell levels left.
You didn't know any spells.
Your spell library was empty.

Dungeon Overview and Level Annotations

Branches:
Dungeon (2/15) Zot: 775

Altars:


Innate Abilities, Weirdness & Mutations

You passively map a small area around you.
You are easily found by Zot.
You glow in the dark.
You regain HP and MP as you explore.


Message History

You see here a hobgoblin corpse.
Found a scroll labelled IJIDEMO BITHE and 4 javelins.
Zot has nearly found you.
Suffering is imminent.
Descend or flee this branch!
Zot's power touches on you...
There is a stone staircase leading down here.
You climb downwards.
The orc shouts! x4
There is a stone staircase leading up here.
The orc wizard hits you with a +0 dagger.
You climb upwards.
There is a stone staircase leading down here.
The worm bites you. The orc wizard completely misses you.
The orc wizard attacks as you move away!
The orc wizard barely misses you.
You barely miss the orc wizard.
The orc wizard points at you and mumbles some strange words.
The magic dart hits you!
You completely miss the orc wizard. You block the orc wizard's attack.
You hit the orc wizard.
The orc wizard is moderately wounded.
The orc wizard hits you but does no damage.
Okay, then.
You hit the orc wizard.
The orc wizard is heavily wounded.
The orc wizard hits you but does no damage. x2
You hit the orc wizard but do no damage.
The orc wizard is heavily wounded.
The orc wizard points at you and mumbles some strange words.
The magic dart hits you!
* * * LOW HITPOINT WARNING * * *
It was a potion of flight.
You feel very buoyant.
You fly up into the air.
The orc wizard barely misses you.
Press: ? - help, v - describe, . - travel
Here: an orc wizard, wielding a +0 dagger and wearing a +0 robe (heavily wounded)
The floor.
You hit the orc wizard but do no damage.
The orc wizard is heavily wounded.
The orc wizard hits you with a +0 dagger.
You die...

......#.........# ,
#.........## .....
####.#.....## ** *
.... , #.#.##...# *
.... ,..#.##.#.##* ,
*
...#########.##.#..#*
...#....#######....#
,, ,
..............###o>#*
,
...#..#.........@#.#*
,
...#..#######.##.#.#*
, ...#..# #...##.#.#*
* ...#..# #†####.#.#
, , ...#..#####..#
#.#.. ,, #.........#
#.### * ##..[###..#
#.# .......#...# #.#
* * #.##.##.#.#.#*


You could see an orc wizard.

Vanquished Creatures
  A dart slug (D:1)
  3 ball pythons (D:1)
  An endoplasm (D:1)
  A giant cockroach (D:1)
  2 goblins (D:1)
  2 hobgoblins (D:1)
  A kobold (D:1)
  A quokka (D:1)
  A frilled lizard (D:1)
  A rat (D:1)
14 creatures vanquished.

Notes
Turn   | Place    | Note
-------+----------+-------------------------------------------
     0 | D:1      | Squibie the Meteoran Fighter began the quest for the Orb.
     0 | D:1      | Reached XP level 1. HP: 19/19 MP: 2/2
   207 | D:1      | Reached XP level 2. HP: 26/26 MP: 3/3
   256 | D:1      | Reached skill level 1 in Dodging
   490 | D:1      | Glimpsed the power of Zot.
   535 | D:1      | Reached XP level 3. HP: 30/31 MP: 4/4
   537 | D:1      | Glimpsed the power of Zot.
   576 | D:1      | Glimpsed the power of Zot.
   586 | D:1      | Touched by the power of Zot.
   607 | D:1      | HP: 1/23 [orc wizard/magic dart (9)]
   609 | D:1      | Slain by an orc wizard

Illustrated notes

Levels and vault maps discovered:
D:1:      minmay_arrival_open_corners, layout_basic, serial_curves,
          eino_curves_04, eino_curves_03, minmay_pentomino_t2
D:2:      layout_loops_ring, chequers_garden

Skill      XL: |  1  2 |
---------------+-------+-----
Maces & Flails | 3 |  3.1
Dodging        | 1 |  1.2
Fighting       | |  3.5
Armour         | |  3.6
Shields        | |  3.9

Action                     || total
---------------------------++-------
  Melee: Flail             ||    54
    Use: Potion            ||     1
 Armour: Scale mail        ||    19
  Dodge: Dodged            ||    29
  Block: Buckler           ||    13
